 Dungeon Crawl Stone Soup version 0.31.0-11-ge490571c62 (webtiles) character file.

Game seed: 13799736626945531135

452758 VAZYLA the Warrior (level 24, -7/142 HPs)
             Began as a Gargoyle Fighter on Jan 28, 2024.
             Was a High Priest of Qazlal.
             Mangled by a war gargoyle
             ... wielding a +2 flail of protection
              (22 damage)
             ... on level 5 of the Vaults.
             The game lasted 02:38:01 (68547 turns).

VAZYLA the Warrior (Gargoyle Fighter)              Turns: 68547, Time: 02:38:02

Health: -7/142     AC: 74    Str: 36    XL:     24   Next: 33%
Magic:  40/44      EV: 16    Int: 10    God:    Qazlal [*****.]
Gold:   1978       SH: 28    Dex: 25    Spells: 38/38 levels left

rFire   + + +        M - +5 hammer of Change {flame, rPois rN++}
rCold   + . .        I - +0 tower shield
rNeg    + + +        b - +9 scales of the Dragon King {rPois rF+ rC+ Will+}
rPois   ∞            Z - +2 helmet of Relativism {rCorr MP+9}
rElec   +            l - +5 cloak "Wyoghuh" {rF++ Regen+ Str+3}
rCorr   +            v - +2 pair of gloves {Dex+3}
SInv    .            C - +2 pair of boots "Konek" {rElec Slay+6}
Will    ++...        (no amulet) Stlth
                     i - ring of Emmem {AC+4 Dex+9}
HPRegen 1.23/turn    X - +6 ring of strength
MPRegen 0.29/turn

%: repel missiles
@: marked, protected from physical damage, flying, glowing, studying Ice Magic,
invisible (but backlit and visible)
A: sickness immunity, AC +18, big wings, negative energy resistance 1,
electricity resistance, torment resistance 1, petrification resistance, talons
1, frail 1, mutation resistance 1
}: 2/15 runes: serpentine, barnacled
a: Renounce Religion, Upheaval, Elemental Force, Disaster Area


You were on level 5 of the Vaults.
You worshipped Qazlal.
Qazlal was extremely pleased with you.
You visited 9 branches of the dungeon, and saw 41 of its levels.
You visited the Abyss 1 time.
You also visited: Sewer, Ossuary and Gauntlet.

You collected 4842 gold pieces.
You spent 2864 gold pieces at shops.

Inventory:

Hand Weapons
 n - the +7 dire flail of the Onslaught {elec, rPois}
   (You took it off a minotaur in a Gauntlet)

   rPois:     It protects you from poison
 M - the +5 hammer of Change (weapon) {flame, rPois rN++}
   (You found it on level 7 of the Dungeon)

   rPois:     It protects you from poison rN++: It greatly protects you from
   negative energy.
Missiles
 d - 7 throwing nets
 k - 102 poisoned darts (quivered)
 L - 24 atropa-tipped darts
 N - 8 curare-tipped darts
Armour
 b - the +9 scales of the Dragon King (worn) {rPois rF+ rC+ Will+}
   (You bought it in a shop on level 15 of the Dungeon)

   rF+:       It protects you from fire.
   rC+:       It protects you from cold.
   rPois:     It protects you from poison Will+: It increases your willpower.
 l - the +5 cloak "Wyoghuh" (worn) {rF++ Regen+ Str+3}
   (You found it on level 2 of the Lair of Beasts)

   Str+3:     It affects your strength (+3).
   rF++:      It greatly protects you from fire.
   Regen+:    It increases your rate of health regeneration.
 v - a +2 pair of gloves of dexterity (worn)
 C - the +2 pair of boots "Konek" (worn) {rElec Slay+6}
   (You found it in a Gauntlet)

   Slay+6:    It affects your accuracy & damage with ranged weapons and melee
   (+6).
   rElec:     It insulates you from electricity.
 E - the +3 Mad Mage's Maulers {Infuse+∞ VampMP -Cast}
   (You acquired it on level 9 of the Dungeon)

   Infuse+∞: It empowers its wearer's blows with all of their magic.
   VampMP:    Blows struck in melee replenish the wearer's magic.
   -Cast:     It prevents spellcasting.
 I - a +0 tower shield (worn)
 Z - the +2 helmet of Relativism (worn) {rCorr MP+9}
   (You found it in a Gauntlet)

   MP+9:      It affects your magic capacity (+9).
   rCorr:     It protects you from acid and corrosion.
Jewellery
 i - the ring of Emmem (left hand) {AC+4 Dex+9}
   (You took it off an occultist on level 2 of the Depths)

   [ring of protection]

   AC+4:      It affects your AC (+4).
   Dex+9:     It affects your dexterity (+9).
 z - an amulet of regeneration
 R - an amulet of magic regeneration
 X - a +6 ring of strength (right hand)
Wands
 f - a wand of mindburst (33)
 g - a wand of flame (48)
 h - a wand of paralysis (15)
 D - a wand of acid (18)
 P - a wand of iceblast (34)
 T - a wand of polymorph (15)
 U - a wand of digging (4)
Scrolls
 a - 6 scrolls of revelation
 c - 6 scrolls of poison
 o - 3 scrolls of enchant weapon
 p - 2 scrolls of enchant armour
 s - 2 scrolls of fog
 u - 4 scrolls of fear
 J - 2 scrolls of amnesia
 Y - 5 scrolls of teleportation
Potions
 e - a potion of berserk rage
 j - 9 potions of haste
 m - 4 potions of enlightenment
 q - 21 potions of curing
 r - 2 potions of ambrosia
 t - 4 potions of magic
 x - 3 potions of mutation
 y - 6 potions of lignification
 B - 6 potions of might
 F - 5 potions of cancellation
 G - 5 potions of resistance
 K - 4 potions of brilliance
Miscellaneous
 H - a box of beasts (inert)
 O - a phantom mirror (inert)
 V - a condenser vane
 W - a lightning rod (4/4)


   Skills:
 + Level 18.2 Fighting
 - Level 14.4 Maces & Flails
 + Level 13.0 Throwing
 + Level 17.6 Armour
 - Level 12.9 Dodging
 - Level 13.7 Shields
 * Level 7.5 Spellcasting
 * Level 11.7 Ice Magic
 - Level 16.6 Invocations
 + Level 14.5 Evocations


You had 38 spell levels left.
You didn't know any spells.
Your spell library contained the following spells:

 Spells                   Type           Power      Damage    Failure   Level
 Freeze                   Ice            100%       1d10      2%          1
 Frozen Ramparts          Ice            54%        1d9       8%          3
 Ensorcelled Hibernation  Hex/Ice        30%        N/A       38%         2
 Hailstorm                Conj/Ice       15%        3d6       63%         3
 Summon Ice Beast         Ice/Summ       15%        N/A       63%         3
 Magic Dart               Conj           12%        1d3       97%         1
 Sandblast                Erth           6%         2d5       97%         1
 Shock                    Conj/Air       12%        1d3       97%         1
 Blink                    Tloc           6%         N/A       99%         2
 Call Imp                 Summ           6%         N/A       99%         2
 Mercury Vapours          Alch/Air       6%         N/A       99%         2
 Static Discharge         Conj/Air       6%         3-4/arc   99%         2
 Fugue of the Fallen      Necr           3%         N/A       100%        3
 Mephitic Cloud           Conj/Alch/Air  3%         N/A       100%        3
 Passwall                 Erth           3%         N/A       100%        3
 Stone Arrow              Conj/Erth      6%         3d7       100%        3
 Swiftness                Air            3%         N/A       100%        3
 Tukima's Dance           Hex            3%         N/A       100%        3
 Airstrike                Air            1%         2d(1-17)  100%        4
 Anguish                  Hex/Necr       1%         N/A       100%        4
 Animate Armour           Summ/Erth      6%         N/A       100%        4
 Dimensional Bullseye     Hex/Tloc       1%         N/A       100%        4
 Flame Wave               Conj/Fire      3%         2d5       100%        4
 Iskenderun's Mystic Bla  Conj/Tloc      3%         2d3       100%        4
 Leda's Liquefaction      Alch/Erth      1%         N/A       100%        4
 Manifold Assault         Tloc           3%         N/A       100%        4
 Passage of Golubria      Tloc           3%         N/A       100%        4
 Petrify                  Alch/Erth      3%         N/A       100%        4
 Summon Blazeheart Golem  Fire/Summ      3%         N/A       100%        4
 Summon Lightning Spire   Summ/Air       3%         N/A       100%        4
 Arcjolt                  Conj/Air       1%         1d11      100%        5
 Borgnjor's Vile Clutch   Necr/Erth      1%         N/A       100%        5
 Fireball                 Conj/Fire      1%         3d3       100%        5
 Freezing Cloud           Conj/Ice/Air   5%         6-21      100%        5
 Irradiate                Conj/Alch      1%         3d12      100%        5
 Lee's Rapid Deconstruct  Erth           1%         3d4*      100%        5
 Metabolic Englaciation   Hex/Ice        7%         N/A       100%        5
 Yara's Violent Unravell  Hex/Alch       1%         3d3       100%        5
 Bombard                  Conj/Erth      1%         9d1       100%        6
 Dispersal                Tloc           1%         N/A       100%        6
 Sculpt Simulacrum        Ice/Alch       7%         N/A       100%        6
 Starburst                Conj/Fire      1%         6d3       100%        6
 Orb of Destruction       Conj           1%         9d5       100%        7
 Ozocubu's Refrigeration  Ice            13%        4d10      100%        7
 Spellforged Servitor     Conj/Summ      1%         N/A       100%        7
 Disjunction              Tloc           1%         N/A       100%        8
 Ignition                 Fire           1%         3d3       100%        8
 Maxwell's Capacitive Co  Air            1%         ∞         100%        8
 Cigotuvi's Dreadful Rot  Necr/Alch/Air  Unusable   N/A       N/A         2
 Sublimation of Blood     Necr           Unusable   N/A       N/A         2

Dungeon Overview and Level Annotations

Branches:
Dungeon (15/15)            Temple (1/1) D:4            Lair (5/5) D:11
 Shoals (4/4) Lair:3        Snake (4/4) Lair:2        Slime (1/5) Lair:4
    Orc (2/2) D:9             Elf (0/3) Orc:2        Vaults (5/5) D:14
  Crypt (0/3) Vaults:2     Depths (4/4) D:15            Zot (0/5) Depths:4
  Sewer (visited)         Ossuary (visited)         Gauntlet (visited)

Altars:
Ashenzari
Cheibriados
Dithmenos
Elyvilon
Fedhas
Gozag
Hepliaklqana
Kikubaaqudgha
Makhleb
Nemelex Xobeh
Okawaru
Qazlal
Ru
Sif Muna
Trog
Uskayaw
Vehumet
Wu Jian
Xom
Yredelemnul
Zin
The Shining One
Lugonu

Shops:
D:3 =   D:7 *(   D:15 [   Orc:2 =*((   Vaults:1 =*   Vaults:3 (   Vaults:4 !
Depths:2 [!

Portals:
Hell: Depths:1 Depths:2 Depths:3 Depths:4
Abyss: Depths:3
Pandemonium: Depths:1 Depths:2 Depths:4
Ziggurat: Depths:3
Trove: Depths:1 (give 5 potions of resistance)

Annotations:
D:13 2 transporters, lDtest's ghost, journeyman FeEE
Lair:3 exclusion: oklob plant
Shoals:1 Roxanne
Depths:3 2 transporters, 3 runed translucent doors


Innate Abilities, Weirdness & Mutations

You are immune to sickness and miasma.
Your stone body is resilient. (AC +18)
You are immune to poison.
Your large and strong wings let you fly.
You resist negative energy. (rN+)
You are resistant to electric shocks. (rElec)
You are resistant to unholy torment.
You are immune to petrification.
You have sharp toenails.
You are frail. (-10% HP)
You are somewhat resistant to further mutation.


Message History

You block the shadow dragon's attack. The shadow dragon barely misses you.
You block the war gargoyle's attack.
You block the golden dragon's attack. x2
The golden dragon tramples you but does no damage.
The phantasmal warrior gestures at you.
The phantasmal warrior blinks!
A necromancer comes into view. It is wielding a +0 club.
The titan hits you!!
* * * LOW HITPOINT WARNING * * *
Your resistance to cold fades away.
You feel protected from physical attacks.
The deep elf high priest mumbles some strange prayers to its god against you.
Something smites you!
* * * LOW HITPOINT WARNING * * *
The dread lich touches you but does no damage.
Okay, then.
Unknown command.
Activating: Disaster Area (0% risk of failure)
Press: ? - help, Dir - look around, f - activate
Okay, then.
Unknown command.
Okay, then.
You feel much better.
The shining eye turns its gaze towards you.
The shining eye changes into a swamp dragon!
You block the war gargoyle's attack. You block the shadow dragon's attack.
The shadow dragon closely misses you. You block the shadow dragon's attack.
The titan waves its arms in wide circles.
The air twists around and strikes you. You block the golden dragon's attack.
The golden dragon claws you but does no damage.
The golden dragon tramples you.
* * * LOW HITPOINT WARNING * * *
You hold your ground!
The phantasmal warrior gestures at you.
The phantasmal warrior blinks!
The titan hits you!
* * * LOW HITPOINT WARNING * * *
A phantasmal warrior comes into view.
The dread lich touches you but does no damage.
The yaktaur captain is engulfed in blazing flames.
The war gargoyle hits you with a +2 flail of protection!!
You die...

[†#.. )≈#. ..#..#
... ..#..# C. .....#
≈#####
###############....#
p)..≈.
.p.p..c○§.§§§......#
...!.≈
.D..D○C°9e..§....≈.#
....≈.
.s.CeQD@LCQE......≈#
.C..C.
W..pW§D.CpC§..C...≈#
p#####
###############pC..#
... ..........# .###
####...#.p# C#
.......#.C# D#
####.#.#..# .#
#.#.#..# .# #.#.#..#


You could see 2 shadow dragons, an ironbound preserver, 4 titans, a golden
dragon, a dread lich (invisible), a vault warden, 2 tengu reavers, a yaktaur
captain, a swamp dragon shaped shifter, an ettin, a war gargoyle, a vault
sentinel, 2 deep elf high priests, 2 phantasmal warriors, an orb spider and a
necromancer.

Vanquished Creatures
  Frederick (Vaults:4)
  Mara (Vaults:4)
  Xtahua (Depths:3)
  Bai Suzhen (Shoals:3)
  2 shard shrikes (Depths:2)
  3 golden dragons
  4 iron giants (Depths:2)
  2 hellephants (Depths:2)
  A tentacled monstrosity (Depths:3)
  2 titans (Depths:2)
  Mlioglotl (Shoals:2)
  A lich (Vaults:5)
  2 quicksilver dragons
  The ghost of Soawkar the Warrior, an adept GrFi of Okawaru (Snake:4)
  3 sphinxes
  A tentacled starspawn (Abyss:2)
  Frances (D:12)
  2 krakens
  A shadow dragon (Depths:4)
  Donald (Snake:1)
  8 storm dragons
  A draconian monk (Depths:4)
  7 nagarajas (Snake:4)
  13 fire giants
  12 frost giants
  A draconian shifter (Depths:3)
  9 vault wardens
  A draconian scorcher (Depths:4)
  2 deep elf sorcerers
  3 iron dragons
  4 spectral caustic shrikes (Depths:3)
  A balrug (Depths:4)
  3 orc warlords
  A draconian annihilator (Depths:4)
  A spriggan defender (Depths:1)
  14 ironbound preservers
  39 very ugly things
  9 stone giants
  6 draconian stormcallers (Depths:4)
  A reaper (Depths:4)
  5 ironbound thunderhulks
  2 formless jellyfish
  A deep elf demonologist (Vaults:5)
  3 red draconians (Depths:4)
  A vampire knight (Depths:4)
  A white draconian (Depths:4)
  A deep elf annihilator (Vaults:5)
  A minotaur (Gauntlet)
  5 dire elephants
  3 green draconians (Depths:4)
  A lorocyproca (Depths:1)
  5 black draconians (Depths:4)
  7 war gargoyles
  8 spark wasps
  A purple draconian (Depths:4)
  A blizzard demon (Depths:4)
  9 merfolk impalers
  2 yellow draconians (Depths:4)
  2 deep elf high priests
  Josephine (Lair:3)
  7 ettins
  6 fire dragons
  4 merfolk javelineers
  An entropy weaver (Vaults:2)
  7 yaktaur captains
  Fannar (Lair:1)
  4 ice dragons
  A rakshasa (Depths:1)
  24 vault guards
  A servant of whispers (Vaults:4)
  9 hydras
  6 ogre magi
  A salamander tyrant (Snake:4)
  9 great orbs of eyes
  2 peacekeepers
  3 spriggan air magi
  4 anacondas
  12 centaur warriors
  2 alligator snapping turtles (Shoals:3)
  An alligator (shapeshifter) (Vaults:1)
  A boulder beetle (D:15)
  3 ironbound frosthearts
  A merfolk avatar (Shoals:3)
  3 merfolk aquamancers
  14 naga warriors
  A catoblepas (D:13)
  2 death scarabs (Gauntlet)
  20 two-headed ogres
  8 tengu warriors
  The ghost of Armakuni the Cruncher, a journeyman DEGl of Wu Jian (D:10)
  3 spriggan berserkers
  4 hell hogs
  7 deep troll earth magi
  2 occultists (Depths:2)
  8 deep troll shamans
  10 naga sharpshooters
  A vampire mage (Depths:4)
  9 death yaks
  4 soul eaters
  5 shock serpents
  Sonja (Lair:2)
  5 sun demons
  4 shadow wraiths
  2 skysharks
  A fire crab (D:11)
  3 salamander mystics
  A sixfirhy (Abyss:2)
  5 skeletal warriors
  2 quicksilver dragon simulacra (Depths:4)
  13 iron trolls
  A spectral catoblepas (Gauntlet)
  70 deep trolls
  A sun moth (shapeshifter) (D:15)
  5 mana vipers
  4 glowing orange brains
  A flayed ghost (Depths:4)
  15 sea snakes
  8 arcanists
  A deep elf archer (D:15)
  4 orc knights
  A kraken simulacrum (Shoals:4)
  3 lindwurms
  2 deep elf pyromancers (D:15)
  A necromancer (Vaults:4)
  3 phantasmal warriors
  Pikel (D:9)
  8 harpies
  4 naga ritualists
  19 ironbound convokers
  4 orc sorcerers
  7 cyclopes
  50 ugly things
  7 fauns
  A moth of wrath (Snake:4)
  An oklob plant (Lair:3)
  14 salamanders
  7 manticores
  25 elephants
  19 black mambas
  7 merfolk sirens
  A rust devil (D:12)
  A black mamba (shapeshifter) (D:14)
  16 vault sentinels
  3 kobold blastminers (Orc:1)
  An ice statue (Depths:4)
  An orange demon (D:12)
  A guardian serpent (Snake:4)
  2 unseen horrors
  A water nymph (Shoals:2)
  3 molten gargoyles (Lair:5)
  15 naga magi
  9 cane toads
  6 gargoyles
  2 rime drakes
  14 yaktaurs
  4 freezing wraiths
  15 komodo dragons
  2 tengu conjurers
  2 ice devils (Depths:4)
  2 efreet
  3 red devils
  6 trolls
  2 ancient zymes (Abyss:2)
  32 merfolk
  A tyrant leech (Gauntlet)
  4 polar bears
  2 hellwings (D:11)
  Grinder (D:5)
  4 wind drakes
  2 saltlings (Vaults:4)
  10 blink frogs
  9 dream sheep
  10 snapping turtles
  9 slime creatures
  A jumping spider (shapeshifter) (Depths:4)
  6 centaur simulacra
  A culicivora (Vaults:2)
  3 shadows
  6 wyverns
  A ynoxinul (Gauntlet)
  6 wraiths
  25 yaks
  3 vampires (D:12)
  13 water elementals
  A neqoxec (D:12)
  6 redbacks
  A spectral komodo dragon (Gauntlet)
  13 basilisks
  13 vampire mosquitoes
  2 wargs
  A steam dragon (Lair:5)
  A spectral cane toad (Gauntlet)
  41 nagas
  A small abomination (Abyss:2)
  2 acid dragons
  3 swamp worms (Gauntlet)
  21 water moccasins
  3 hell hounds (Lair:5)
  15 orc warriors
  4 ice beasts
  3 ettin simulacra (Depths:4)
  2 laughing skulls (D:13)
  A sky beast (D:8)
  3 black bears
  19 ogres
  18 wolves
  20 centaurs
  4 boggarts (Vaults:2)
  3 phantoms
  A weeping skull (Ossuary)
  8 kobold brigands
  An elf zombie (Ossuary)
  18 bullfrogs
  2 gnoll sergeants
  A scorpion (D:7)
  4 wights (D:7)
  8 killer bees
  5 electric eels
  4 howler monkeys
  A centaur zombie (Ossuary)
  4 crimson imps (D:7)
  5 lava snakes (Lair:5)
  6 quasits
  3 human zombies (Ossuary)
  3 jellies
  Crazy Yiuf (D:7)
  A hound (D:5)
  13 orc priests
  3 iron imps (Gauntlet)
  3 iguanas
  10 orc wizards
  2 crocodile zombies (Ossuary)
  3 hound zombies (Ossuary)
  3 mummies (Ossuary)
  12 gnolls
  13 adders
  A shadow imp (D:7)
  8 white imps
  10 adder zombies (Ossuary)
  2 dart slugs
  6 ribbon worms (D:2)
  63 orcs
  9 endoplasms
  3 giant cockroaches
  A gnoll zombie (Ossuary)
  11 goblins
  11 hobgoblins
  A jackal (D:1)
  34 kobolds
  A quokka (D:3)
  15 ball pythons
  5 ball python zombies (Ossuary)
  8 bats
  5 frilled lizards
  2 jackal zombies (Ossuary)
  2 kobold zombies (Ossuary)
  10 rats
  A starspawn tentacle (Abyss:2)
  6 tentacles
1586 creatures vanquished.

Vanquished Creatures (collateral kills)
  A shard shrike (Depths:2)
  A storm dragon (Vaults:5)
  A vault warden (Vaults:5)
  A very ugly thing (Vaults:5)
  A great orb of eyes (D:12)
  A freezing wraith (D:12)
  An unseen horror (D:12)
  A vampire (D:12)
  A starcursed mass (Abyss:2)
  A vampire mosquito (D:12)
  An orc warrior (D:8)
11 creatures vanquished.

Vanquished Creatures (others)
  A vampire knight (Depths:4)
  A war gargoyle (Depths:2)
  A centaur warrior (Vaults:3)
  An unseen horror (D:12)
  A merfolk (Shoals:4)
  2 dream sheep (Shoals:2)
  An ettin simulacrum (Depths:4)
  3 orc wizards
  An orc (Orc:2)
  4 foxfires (Shoals:2)
  2 starspawn tentacles (Abyss:2)
  18 tentacles
36 creatures vanquished.

Grand Total: 1633 creatures vanquished

Notes
Turn   | Place    | Note
-------+----------+-------------------------------------------
     0 | D:1      | VAZYLA the Gargoyle Fighter began the quest for the Orb.
     0 | D:1      | Reached XP level 1. HP: 14/14 MP: 1/1
   219 | D:1      | Reached XP level 2. HP: 19/19 MP: 2/2
   648 | D:1      | Reached XP level 3. HP: 23/23 MP: 3/3
  1157 | D:2      | Reached XP level 4. HP: 29/29 MP: 4/4
  1943 | D:3      | Found a glowing drain.
  1947 | Sewer    | Entered a sewer
  2023 | Sewer    | Reached XP level 5. HP: 33/33 MP: 5/5
  2083 | Sewer    | Reached skill level 4 in Fighting
  2104 | Sewer    | Noticed a kobold brigand
  2123 | Sewer    | Killed a kobold brigand
  2276 | Sewer    | Noticed a kobold brigand
  2277 | Sewer    | Noticed a kobold brigand
  2293 | Sewer    | Killed a kobold brigand
  2294 | Sewer    | Reached skill level 5 in Armour
  2294 | Sewer    | Reached XP level 6. HP: 33/38 MP: 6/6
  2423 | D:3      | Found a faded altar of an unknown god.
  2521 | D:3      | Found Luivemenk's Jewellery Shop.
  3370 | D:4      | Reached XP level 7. HP: 44/44 MP: 7/7
  3371 | D:4      | Found a staircase to the Ecumenical Temple.
  3384 | Temple   | Entered the Ecumenical Temple
  3583 | D:4      | Found a hide-covered altar of Uskayaw.
  3583 | D:4      | Found a stormy altar of Qazlal.
  3697 | D:4      | Became a worshipper of Qazlal Stormbringer
  4006 | D:4      | Found a snail-covered altar of Cheibriados.
  4006 | D:4      | Found a shadowy altar of Dithmenos.
  4689 | D:5      | Entered Level 5 of the Dungeon
  4731 | D:5      | Reached skill level 1 in Invocations
  4862 | D:5      | Noticed Grinder
  4876 | D:5      | Killed Grinder
  4877 | D:5      | Reached skill level 5 in Fighting
  4877 | D:5      | Reached skill level 5 in Maces & Flails
  4877 | D:5      | Reached skill level 5 in Shields
  4877 | D:5      | Reached XP level 8. HP: 49/49 MP: 7/9
  4904 | D:5      | Found a broken altar of Ashenzari.
  5182 | D:5      | Found a white marble altar of Elyvilon.
  5271 | D:5      | Reached * piety under Qazlal
  5686 | D:6      | Gained mutation: You are frail. (-10% HP) [potion of
                  | mutation]
  5686 | D:6      | Gained mutation: You have sharp toenails. [potion of
                  | mutation]
  5686 | D:6      | Gained mutation: You are somewhat resistant to further
                  | mutation. [potion of mutation]
  6056 | D:6      | Found a sand-covered staircase.
  6065 | Ossuary  | Entered an ossuary
  6251 | Ossuary  | Reached ** piety under Qazlal
  6331 | Ossuary  | Reached XP level 9. HP: 49/49 MP: 11/11
  6388 | Ossuary  | Reached skill level 6 in Fighting
  6791 | D:7      | Found Wiureg's Assorted Antiques.
  6794 | D:7      | Bought a potion of might for 124 gold pieces
  7216 | D:7      | Reached *** piety under Qazlal
  7290 | D:7      | You fall into a shaft and drop 1 floor!
  7380 | D:8      | Reached XP level 10. HP: 43/54 MP: 13/13
  7457 | D:8      | HP: 2/54 [orc warrior/+0 battleaxe (9)]
  7637 | D:7      | Reached skill level 7 in Fighting
  7715 | D:7      | Found Ynopt's Weapon Boutique.
  7720 | D:7      | Bought 5 atropa-tipped darts for 54 gold pieces
  7811 | D:7      | Found a glowing golden altar of the Shining One.
  7844 | D:7      | Found a runed translucent door.
  7845 | D:7      | Noticed Crazy Yiuf
  7962 | D:7      | Killed Crazy Yiuf
  7967 | D:7      | Identified the +5 hammer of Change {flame, rPois rN++}
  8347 | D:9      | Found a burning altar of Makhleb.
  8373 | D:9      | Noticed Pikel
  8386 | D:9      | Killed Pikel
  8387 | D:9      | Reached skill level 5 in Invocations
  8419 | D:9      | Reached **** piety under Qazlal
  8498 | D:9      | Noticed a two-headed ogre
  8517 | D:9      | Killed a two-headed ogre
  8909 | D:9      | Found a staircase to the Orcish Mines.
  8912 | D:9      | Noticed a cyclops
  8929 | D:9      | Killed a cyclops
  8930 | D:9      | Reached skill level 10 in Armour
  9092 | D:9      | Identified a scroll of acquirement
  9093 | D:9      | Acquired the +3 Mad Mage's Maulers {Infuse+∞ VampMP -Cast}
  9093 | D:9      | Found the +3 Mad Mage's Maulers {Infuse+∞ VampMP -Cast}
  9121 | D:10     | Entered Level 10 of the Dungeon
  9239 | D:10     | Reached XP level 11. HP: 60/61 MP: 2/15
  9263 | D:10     | Reached skill level 8 in Fighting
  9527 | D:10     | Noticed Armakuni's ghost (journeyman DEGl)
 10006 | D:10     | Found a runed translucent gate.
 10006 | D:10     | Found a runed translucent gate.
 10006 | D:10     | Found a runed translucent gate.
 10761 | D:11     | Noticed a two-headed ogre
 10767 | D:11     | Killed a two-headed ogre
 10880 | D:11     | Noticed a manticore
 10880 | D:11     | Noticed a fire crab
 10891 | D:11     | Killed a manticore
 10905 | D:11     | Killed a fire crab
 11012 | D:11     | Found a staircase to the Lair.
 11094 | D:11     | Noticed a cyclops
 11098 | D:11     | Killed a cyclops
 11099 | D:11     | Reached skill level 10 in Maces & Flails
 11623 | D:12     | Noticed a sun demon
 11671 | D:11     | Killed a sun demon
 11671 | D:11     | Reached ***** piety under Qazlal
 11879 | D:12     | Noticed a tengu warrior
 11922 | D:11     | Killed a tengu warrior
 12028 | D:12     | Noticed a soul eater
 12031 | D:12     | Reached XP level 12. HP: 57/67 MP: 4/17
 12048 | D:11     | Killed a soul eater
 12101 | D:12     | Reached skill level 9 in Fighting
 12530 | D:12     | Reached skill level 1 in Evocations
 12819 | D:12     | Noticed a great orb of eyes
 12823 | D:12     | Killed a great orb of eyes
 12847 | D:12     | Noticed a sun demon
 12879 | D:12     | Killed a sun demon
 13251 | D:12     | Noticed Frances
 13273 | D:12     | Noticed a soul eater
 13289 | D:12     | Killed Frances
 13290 | D:12     | Reached skill level 10 in Shields
 13659 | Abyss:2  | Cast into level 2 of the Abyss (skeletal warrior)
 13689 | Abyss:2  | Noticed a revenant
 13696 | Abyss:2  | Noticed a tentacled starspawn
 13719 | Abyss:2  | Killed a tentacled starspawn
 13738 | Abyss:2  | Noticed a bone dragon
 13808 | Abyss:2  | Reached XP level 13. HP: 72/72 MP: 4/19
 13828 | Abyss:2  | Noticed a crystal guardian
 13835 | Abyss:2  | Noticed a starcursed mass
 13861 | D:12     | Escaped the Abyss
 14091 | D:12     | Noticed a great orb of eyes
 14113 | D:12     | Killed a great orb of eyes
 14388 | D:12     | Reached skill level 10 in Fighting
 14852 | D:12     | Noticed a great orb of eyes
 14874 | D:12     | Killed a great orb of eyes
 15447 | Lair:1   | Entered Level 1 of the Lair of Beasts
 16027 | Lair:1   | Reached skill level 10 in Invocations
 16027 | Lair:1   | Noticed Fannar
 16047 | Lair:1   | Killed Fannar
 16065 | Lair:1   | Reached skill level 1 in Throwing
 16871 | Lair:1   | Reached skill level 5 in Evocations
 17784 | Lair:2   | Identified the +5 cloak "Wyoghuh" {rF++ Regen+ Str+3}
 17792 | Lair:2   | Gained mutation: Your large and strong wings let you fly.
                  | [Gargoyle growth]
 17792 | Lair:2   | Reached XP level 14. HP: 67/79 MP: 6/21
 17985 | Lair:2   | Found a staircase to the Snake Pit.
 18581 | Lair:2   | Reached skill level 11 in Fighting
 19144 | Lair:3   | Noticed Josephine
 19155 | Lair:3   | Killed Josephine
 19155 | Lair:3   | Noticed Sonja
 19200 | Lair:2   | Killed Sonja
 19533 | Lair:3   | Reached ****** piety under Qazlal
 20400 | Lair:3   | Found a staircase to the Shoals.
 21105 | Lair:4   | Found a staircase to the Slime Pits.
 21232 | Lair:4   | Reached XP level 15. HP: 86/86 MP: 3/23
 21770 | Slime:1  | Entered Level 1 of the Pits of Slime
 21771 | Slime:1  | Noticed an acid blob
 21793 | Lair:5   | Entered Level 5 of the Lair of Beasts
 21829 | Lair:5   | Reached skill level 5 in Throwing
 21909 | Lair:5   | Reached skill level 12 in Fighting
 22026 | Lair:5   | Found a gate leading to a gauntlet.
 22057 | Gauntlet | Entered a Gauntlet
 22057 | Gauntlet | Found a transporter.
 22057 | Gauntlet | Found a transporter.
 22058 | Gauntlet | Found a transporter.
 22061 | Gauntlet | Found a transporter.
 22061 | Gauntlet | Found a transporter.
 22061 | Gauntlet | Found a transporter.
 22063 | Gauntlet | Found a large runed translucent door.
 22064 | Gauntlet | Found a large runed translucent door.
 22066 | Gauntlet | Found a large runed translucent door.
 22066 | Gauntlet | Found a runed translucent door.
 22066 | Gauntlet | Found a runed translucent door.
 22066 | Gauntlet | Found a large runed translucent door.
 22067 | Gauntlet | Found a large runed translucent door.
 22068 | Gauntlet | Found a large runed translucent door.
 22068 | Gauntlet | Found a large runed translucent door.
 22068 | Gauntlet | Found a large runed translucent door.
 22069 | Gauntlet | Found a large runed translucent door.
 22069 | Gauntlet | Found a large runed translucent door.
 22070 | Gauntlet | Found a large runed translucent door.
 22070 | Gauntlet | Found a large runed translucent door.
 22071 | Gauntlet | Found a runed translucent gate.
 22071 | Gauntlet | Found a runed translucent gate.
 22071 | Gauntlet | Found a runed translucent gate.
 22073 | Gauntlet | Found a transporter.
 22077 | Gauntlet | Found a transporter.
 22086 | Gauntlet | Found a transporter.
 22086 | Gauntlet | Found a transporter.
 22091 | Gauntlet | Found a transporter.
 22092 | Gauntlet | Found a transporter.
 22124 | Gauntlet | Found a large runed translucent door.
 22124 | Gauntlet | Found a large runed translucent door.
 22127 | Gauntlet | Found a large runed translucent door.
 22127 | Gauntlet | Found a large runed translucent door.
 22328 | Gauntlet | Identified the +2 pair of boots "Konek" {rElec Slay+6}
 22405 | Gauntlet | Identified the +2 helmet of Relativism {rCorr MP+9}
 22440 | Gauntlet | Identified the +7 dire flail of the Onslaught {elec, rPois}
 22467 | Gauntlet | Got Sif Muna's Disquisition on Chilled Cleavage
 23342 | Lair:5   | Found a large runed translucent door.
 23342 | Lair:5   | Found a large runed translucent door.
 23925 | Orc:1    | Entered Level 1 of the Orcish Mines
 23953 | Orc:1    | Paralysed by an orc sorcerer for 4 turns
 24373 | Orc:2    | Entered Level 2 of the Orcish Mines
 25031 | Orc:2    | Paralysed by something for 3 turns
 25035 | Orc:2    | Reached skill level 10 in Evocations
 25183 | Orc:2    | Reached XP level 16. HP: 77/92 MP: 3/25
 25704 | Orc:2    | Found a staircase to the Elven Halls.
 26096 | Orc:2    | Found Qoynuuze's Antique Weapon Shop.
 26096 | Orc:2    | Found Befati's Jewellery Emporium.
 26096 | Orc:2    | Found Xoatat's Weapon Shoppe.
 26096 | Orc:2    | Found Gian's General Store.
 27169 | D:10     | Killed Armakuni's ghost
 27194 | D:10     | Reached skill level 13 in Fighting
 27206 | D:10     | Got the ring of Kuarouh {Fire Will+ Str-2 Int+6}
 27457 | D:13     | Found a transporter.
 27700 | D:13     | Noticed lDtest's ghost (journeyman FeEE)
 27725 | D:13     | Found a transporter.
 30030 | D:14     | Reached skill level 1 in Dodging
 30195 | D:14     | Found a gate to the Vaults.
 31309 | D:15     | Entered Level 15 of the Dungeon
 31586 | D:15     | Paralysed by something for 4 turns
 32304 | D:15     | Found a staircase to the Depths.
 32359 | D:15     | Found Bahram Gur's Dragon-Slaying Spoils.
 32708 | Snake:1  | Entered Level 1 of the Snake Pit
 32733 | Snake:1  | Noticed Donald
 32747 | Snake:1  | Killed Donald
 33143 | Snake:1  | Reached XP level 17. HP: 98/98 MP: 1/26
 34403 | Snake:2  | Identified the +7 chain mail "Leredyse" {Harm rF- Str+8
                  | Int-2}
 35894 | Snake:3  | Reached skill level 5 in Dodging
 36926 | Snake:4  | Entered Level 4 of the Snake Pit
 36972 | Snake:4  | Reached skill level 14 in Fighting
 38053 | Snake:4  | Reached XP level 18. HP: 104/104 MP: 8/28
 38186 | Snake:4  | Found a transporter.
 38188 | Snake:4  | Found a transporter.
 38193 | Snake:4  | Found a bloodstained altar of Trog.
 38195 | Snake:4  | Noticed Soawkar's ghost (adept GrFi)
 38449 | Snake:4  | Got a serpentine rune of Zot
 38833 | Snake:4  | Killed Soawkar's ghost
 39164 | Shoals:1 | Entered Level 1 of the Shoals
 39839 | Shoals:1 | Noticed Roxanne
 40591 | Shoals:2 | Noticed Mlioglotl
 40615 | Shoals:2 | Killed Mlioglotl
 41746 | Shoals:3 | Reached XP level 19. HP: 109/109 MP: 29/29
 42586 | Shoals:3 | Noticed Bai Suzhen
 42608 | Shoals:3 | Killed Bai Suzhen
 43271 | Shoals:4 | Entered Level 4 of the Shoals
 43997 | Shoals:4 | Reached skill level 15 in Fighting
 44258 | Shoals:4 | Found the +8 arc blade {discharge, rElec}
 44849 | Shoals:4 | Got a barnacled rune of Zot
 45100 | Shoals:4 | Identified the +3 battleaxe of Dithmenos's Grace {heavy,
                  | Str+3 Dex-5 Stlth+}
 45330 | Vaults:1 | Entered Level 1 of the Vaults
 45330 | Vaults:1 | Found Pogaunt's Assorted Antiques.
 45402 | D:15     | Bought the +9 scales of the Dragon King {rPois rF+ rC+
                  | Will+} for 2496 gold pieces
 45402 | D:15     | Found the +9 scales of the Dragon King {rPois rF+ rC+
                  | Will+}
 46649 | Vaults:1 | Reached XP level 20. HP: 116/116 MP: 3/30
 47502 | Vaults:1 | Identified the +1 hand axe "Guofiywo" {holy, rC+++}
 47626 | Vaults:1 | Found Yticifix's Jewellery Shop.
 48691 | Vaults:2 | Reached skill level 15 in Invocations
 48909 | Vaults:2 | Reached skill level 15 in Armour
 49484 | Vaults:2 | Reached skill level 10 in Dodging
 49489 | Vaults:2 | Reached skill level 10 in Throwing
 51103 | Vaults:2 | Found a staircase to the Crypt.
 51692 | Vaults:3 | Reached XP level 21. HP: 122/122 MP: 2/32
 52092 | Vaults:3 | Found Suvvege's Antique Weapon Shoppe.
 52562 | Vaults:3 | Reached skill level 16 in Fighting
 54470 | Vaults:4 | Noticed Mara
 54479 | Vaults:4 | Noticed VAZYLA's illusion
 54559 | Vaults:4 | Noticed VAZYLA's illusion
 54562 | Vaults:4 | Killed Mara
 55246 | Vaults:4 | Identified the orb of the Lotus Blossom {light, rPois
                  | Regen+ Str-4 Int-2}
 55247 | Vaults:4 | Noticed Frederick
 55275 | Vaults:4 | Killed Frederick
 56160 | Vaults:4 | Found Aguly's Distillery.
 56819 | Depths:1 | Entered Level 1 of the Depths
 57955 | Depths:1 | Found a one-way gate leading to the halls of Pandemonium.
 58106 | Depths:1 | Reached XP level 22. HP: 129/129 MP: 1/34
 58256 | Depths:1 | Found a hide-covered altar of Uskayaw.
 58500 | Depths:1 | Found a portal to a secret trove of treasure.
 58547 | Depths:1 | Found a gateway to Hell.
 58811 | Depths:2 | Noticed a golden dragon
 58867 | Depths:1 | Killed a golden dragon
 59606 | Depths:2 | Found Gynac's Armour Emporium.
 59613 | Depths:2 | Found Tecuoturo's Distillery.
 59724 | Depths:2 | Found a runed translucent door.
 59782 | Depths:2 | Found a blossoming altar of Fedhas.
 60040 | Depths:2 | Found a stormy altar of Qazlal.
 60299 | Depths:2 | Reached skill level 17 in Fighting
 61292 | Depths:2 | HP: 3/129 [frost giant/bolt of cold (7)]
 61612 | Depths:2 | Identified the ring of Emmem {AC+4 Dex+9}
 61765 | Depths:2 | Noticed a shard shrike
 61765 | Depths:2 | Noticed a shard shrike
 61771 | Depths:2 | Killed a shard shrike
 61780 | Depths:2 | Found a runed translucent door.
 61780 | Depths:2 | Noticed a shard shrike
 61793 | Depths:2 | Killed a shard shrike
 61812 | Depths:2 | Killed a shard shrike
 62307 | Depths:2 | Got Ditiy's Anthology of Excavation
 62310 | Depths:2 | Got Sanal's Quarto of Cold
 62315 | Depths:2 | Got Asmodeus's Spellbook of Ignition
 62319 | Depths:2 | Got Sif Muna's Lectures on Turbulence
 63362 | Depths:3 | Reached skill level 1 in Ice Magic
 63374 | Depths:3 | Reached skill level 1 in Spellcasting
 63443 | Depths:3 | Found a one-way gate to the infinite horrors of the Abyss.
 63917 | Depths:3 | Reached XP level 23. HP: 135/135 MP: 1/35
 63934 | Depths:3 | Noticed a golden dragon
 63948 | Depths:3 | Killed a golden dragon
 63960 | Depths:3 | Reached skill level 5 in Ice Magic
 64178 | Depths:3 | Noticed Xtahua
 64419 | Depths:3 | Killed Xtahua
 64691 | Depths:3 | Found a one-way gateway to a ziggurat.
 64864 | Depths:3 | Identified the +7 broad axe of Qeud {vamp, rCorr Str+2}
 64924 | Depths:3 | Found a transporter.
 64928 | Depths:3 | Found a transporter.
 64931 | Depths:3 | Found a corrupted altar of Lugonu.
 65021 | Depths:3 | Found a runed translucent gate.
 65022 | Depths:3 | Found a runed translucent gate.
 65023 | Depths:3 | Found a runed translucent gate.
 65408 | Depths:4 | Entered Level 4 of the Depths
 65961 | Depths:4 | Found a bloodstained altar of Trog.
 65994 | Depths:4 | Noticed a golden dragon
 66012 | Depths:4 | Killed a golden dragon
 66202 | Depths:4 | Reached skill level 5 in Spellcasting
 67055 | Depths:4 | Identified the +0 helmet of Plog {rC++ Will- Str+3 Stlth+}
 67070 | Depths:4 | Found a gate to the Realm of Zot.
 67388 | Depths:4 | Reached skill level 18 in Fighting
 67391 | Depths:4 | Reached skill level 10 in Ice Magic
 67471 | Depths:4 | Reached XP level 24. HP: 108/141 MP: 0/35
 67544 | Depths:4 | Found a hazy altar of Hepliaklqana.
 67595 | Depths:4 | Found an ancient bone altar of Kikubaaqudgha.
 67632 | Depths:4 | Got Sif Muna's Handbook of the Brume and the Undead
 67898 | Depths:4 | Found a basalt altar of Yredelemnul.
 68129 | Depths:4 | Acquired 600 gold pieces
 68375 | Vaults:4 | Bought a potion of heal wounds for 95 gold pieces
 68375 | Vaults:4 | Bought a potion of heal wounds for 95 gold pieces
 68405 | Vaults:5 | Entered Level 5 of the Vaults
 68429 | Vaults:5 | Noticed a dread lich
 68439 | Vaults:5 | HP: 1/142 [sphinx/divine providence (10)]
 68465 | Vaults:5 | Paralysed by something for 5 turns
 68526 | Vaults:5 | Noticed a dread lich
 68537 | Vaults:5 | Identified the +0 chain mail of the Trombone {rF- rC+
                  | Int+2}
 68542 | Vaults:5 | HP: 1/142 [golden dragon (20)]
 68547 | Vaults:5 | Mangled by a war gargoyle

Illustrated notes

Levels and vault maps discovered:
D:1:      minmay_arrival_cross, layout_loops_corners, minmay_tetromino_i4
D:2:      layout_basic, nicolae_wormholes
D:3:      kennysheep_big_flooded_room, layout_rooms, serial_shops, shop,
          nicolae_ecumenical_snake_handling, gup_sewer_entry_bowl,
          nrook_mini_backslash, grunt_ministairs_10
D:4:      layout_loops_corners, gammafunk_temple_overflow_pools,
          mainiacjoe_overflow_divided_tiny, minmay_temple_entry_arrows,
          minmay_goblin_outpost
D:5:      layout_cave_pods, nicolae_overflow_hidden_temple,
          nicolae_elyvilon_temple_path, minmay_misc_feat_x,
          kennysheep_small_square, uniq_grinder
D:6:      layout_rooms, nicolae_ossuary_entry_monument
D:7:      layout_rooms, nicolae_tso_carved_into_rock, serial_shops,
          nicolae_stop_n_shop_2, nicolae_shop_hallway_plus, minmay_nine_imps,
          uniq_crazy_yiuf_cottage
D:8:      layout_rooms, serial_corexii_hall, corexii_hall_statues_x,
          corexii_hall_statues_x
D:9:      layout_gridville, bloody_makhleb, erik_orc_3, uniq_pikel
D:10:     layout_loops_corners, gammafunk_ghost_icy,
          minmay_misc_feat_more_columns, moated_statue
D:11:     layout_loops_ring, minmay_lair_entry_lava
D:12:     regret_index_all_hallows'_manor, layout_basic, serial_demonic,
          serial_demonic_e, serial_demonic_a, serial_demonic_a,
          serial_demonic_g, serial_demonic_d, serial_demonic_c,
          serial_demonic_c, serial_demonic_a, hangedman_decor_push, uniq_frances
D:13:     layout_layer_cave, gammafunk_ghost_berserking_beasts,
          nicolae_concentric_dashed_squares_wild
D:14:     layout_loops_cross, david_vaults_2, minmay_misc_feat_plants,
          serial_co_window_serial, co_window_paths_b, co_window_corner_a,
          co_window_of_opportunity_a, co_window_of_opportunity_a,
          co_window_paths_a, co_window_of_opportunity_b,
          co_window_of_opportunity_c, co_window_unsneaky_path_a,
          co_window_broadway_b, co_window_4corner_a, co_window_4corner_b,
          glass_columns_c
D:15:     hellmonk_depths_entry_around_the_bend, layout_cave_pools,
          serial_glass, glass_columns_b, glass_columns_c, glass_columns_b,
          glass_columns_a, glass_columns_a, glass_columns_a, glass_columns_a,
          nicolae_shop_dragon_depot
Temple:   nicolae_temple_two_arcs
Lair:1:   layout_regular_city, nzn_random_ring, lemuel_fruit_tree, uniq_fannar
Lair:2:   cheibrodos_lair_overgrown_chateau, layout_chaotic_city,
          dummy_snake_entry, serial_bayou_shore_b
Lair:3:   layout_layer_cave, minmay_shoals_entry_hut, minmay_lair_oklob_items,
          kennysheep_basilisk_garden, infiniplex_staircase_pool_2, uniq_sonja,
          uniq_josephine
Lair:4:   layout_roguey, slime_entry_1
Lair:5:   cheibrodos_lair_end_hotspot, layout_regular_city,
          gauntlet_entry_generic
Shoals:1: layout_shoals, uniq_roxanne
Shoals:2: layout_shoals, uniq_mlioglotl
Shoals:3: layout_shoals, nicolae_shoals_flooded_hall, uniq_bai_suzhen
Shoals:4: shoals_end_grunt_ice, layout_shoals, nicolae_shoals_cliffside_cave
Snake:1:  layout_onion_interference, uniq_donald
Snake:2:  layout_cave_shapes, st_stairs_12, grunt_megastairs_4,
          nicolae_triple_integral, serial_bayou_shore_a, serial_bayou_shore_b
Snake:3:  layout_layer_cave, nicolae_snake_guarding_the_ruins
Snake:4:  minmay_snake_end_coiled, layout_cave_town,
          gammafunk_ghost_wrathful_warriors
Slime:1:  layout_caves
Orc:1:    layout_caves
Orc:2:    st_orc_ogre_mass, layout_caves, minmay_orc_temple_a
Vaults:1: v_misc_1, dpeg_vaults_monster_row, nicolae_vaults_network_periphery,
          nicolae_vaults_windows_and_doors_thing, hangedman_vaults_nails,
          ontoclasm_vaults_gateway, ontoclasm_vaults_spin,
          nicolae_vaults_rhombus_6, nicolae_vaults_house_3,
          nicolae_vaults_storage_room_water, layout_vaults_maze_bifur,
          serial_shops, nicolae_shop_tiny_waterfront, nicolae_shop_waterfront
Vaults:2: vaults_room_grid, hangedman_vaults_cutoff,
          nicolae_vaults_offset_grid_hallway_2, ontoclasm_vaults_ring_square,
          vaults_room_pool, nicolae_vaults_little_ls,
          nicolae_vaults_closet_pinwheel_5, ontoclasm_vaults_shuriken,
          vaults_room_hangedman_quadrants, nicolae_vaults_closet_pinwheel_6,
          layout_vaults_omnibox, dummy_crypt_entry
Vaults:3: vaults_mumra_chevron, ontoclasm_vaults_ring_large, v_misc_2,
          nicolae_vaults_angled_halls, vaults_room_pool,
          nicolae_vaults_wine_cellar, vaults_dpeg_ring, layout_vaults_omnigrid,
          serial_shops, nicolae_shop_tiny_statue_garden
Vaults:4: portal_desolation_entry_nicolae_nacl, nicolae_vaults_little_squares_5,
          vaults_room_grid, v_misc_24, ontoclasm_vaults_ring_large,
          ontoclasm_vaults_eye, v_misc_8, nicolae_vaults_tetromino_Z_2,
          nicolae_vaults_trapezoid_lopsided_2, nicolae_vaults_six-pack,
          v_misc_27, ontoclasm_vaults_chip, nicolae_vaults_little_squares_5,
          layout_vaults_ring, serial_shops, shop, uniq_mara, uniq_frederick
Vaults:5
Depths:1: layout_twisted_cross, nicolae_trove_entry_columns,
          rand_demon_pan_entry_5, hell_entry,
          nicolae_uskayaw_murder_on_the_dancefloor
Depths:2: mu_elemental_laboratory, layout_small_grid,
          nicolae_qazlal_eye_of_the_storm, pan_entry, hell_entry,
          fedhas_altar_1, minmay_shoptagon
Depths:3: gammafunk_corrupted_shrine, layout_cave_pools, enter_ziggurat_f,
          pf_hell_entry_tar_river, kennysheep_donut, abyss_entry,
          grunt_ministairs_7, pandoras_box_mu, uniq_xtahua
Depths:4: grunt_profane_halls [grunt_zot_portal, grunt_profane_temple_coc,
          grunt_profane_temple_geh, grunt_profane_temple_dis,
          grunt_profane_temple_tar], hell_entry, pan_entry

Skill      XL: |  1  2  3  4  5  6  7  8  9 10 11 12 13 14 15 16 17 18 19 20 21 22 23 24 |
---------------+-------------------------------------------------------------------------+-----
Armour         | 4 5 6 7 8 10 11 12 13 14 15 16 17 | 17.6
Maces & Flails | 3 4 5 6 7 9 10 11 12 13 14 | 14.4
Fighting       | 4 5 6 7 8 9 10 11 12 13 14 15 16 17 18 | 18.2
Shields        | 4 5 6 7 8 10 11 12 13 | 13.7
Invocations    | 1 3 4 5 7 9 10 11 12 13 14 15 16 | 16.6
Evocations     | 2 5 8 10 11 12 13 14 | 14.5
Throwing       | 2 4 5 6 7 8 9 10 11 12 13 | 13.0
Dodging        | 3 6 7 8 10 11 12 | 12.9
Ice Magic      | 4 10 11 | 11.7
Spellcasting   | 2 6 7 |  7.5

Action                     |  1- 3 |  4- 6 |  7- 9 | 10-12 | 13-15 | 16-18 | 19-21 | 22-24 || total
---------------------------+-------+-------+-------+-------+-------+-------+-------+-------++-------
  Melee: Flail             |    77 |       |       |       |       |       |       |       ||    77
         Whip              |    18 |   432 |   995 |   163 |       |       |       |       ||  1608
         Mace              |       |       |       |   446 |   761 |   881 |  1301 |  1213 ||  4602
         Dire flail        |       |       |       |       |    63 |    63 |       |       ||   126
  Throw: Dart              |       |     8 |    15 |     8 |    13 |    26 |    25 |    21 ||   116
         Throwing net      |       |       |       |       |     2 |     1 |       |     1 ||     4
 Invoke: Elemental Force   |       |       |       |     1 |     2 |       |       |     2 ||     5
         Upheaval          |       |       |       |       |       |       |       |     3 ||     3
         Disaster Area     |       |       |       |       |       |       |       |     4 ||     4
  Evoke: Wand              |       |       |     1 |     2 |     4 |       |     4 |     4 ||    15
         Box of beasts     |       |       |       |       |       |       |       |     1 ||     1
         Phantom mirror    |       |       |       |       |       |       |       |     1 ||     1
    Use: Potion            |       |     1 |     4 |     3 |     4 |     1 |     2 |    10 ||    25
         Scroll            |       |     4 |     5 |    14 |     6 |     2 |       |    11 ||    42
   Stab: Confused          |       |       |       |       |       |     1 |       |       ||     1
         Distracted        |       |       |       |       |       |       |       |     2 ||     2
         Invisible         |       |       |       |       |       |       |       |     1 ||     1
 Armour: Scale mail        |    73 |   267 |   193 |       |       |       |       |       ||   533
         Chain mail        |       |       |   381 |       |   315 |   516 |    97 |       ||  1309
         Plate armour      |       |       |   173 |   539 |   212 |       |       |       ||   924
         Skin              |       |       |       |       |    13 |       |       |       ||    13
         Storm dragon scal |       |       |       |       |       |       |    93 |       ||    93
         Gold dragon scale |       |       |       |       |       |       |   540 |  1048 ||  1588
  Dodge: Dodged            |    43 |   155 |   321 |   161 |   160 |   224 |   281 |   422 ||  1767
         Repelled          |       |       |       |       |     2 |    14 |    14 |    26 ||    56
  Block: Buckler           |    26 |    91 |   340 |   283 |       |       |       |       ||   740
         Kite shield       |       |       |       |   208 |   926 |   943 |       |       ||  2077
         Other             |       |       |       |       |    25 |    14 |       |       ||    39
         Tower shield      |       |       |       |       |       |   240 |  1766 |  1936 ||  3942
